 Dungeon Crawl Stone Soup version 0.30-a0-1114-gd936c97349 (webtiles) character file.

Game seed: 792664827537862633

5 jasper the Grave Robber (level 1, -1/13 HPs)
             Began as a Mummy Necromancer on Apr 20, 2023.
             Slain by a gnoll
             ... wielding a +0 club
              (4 damage)
             ... on level 1 of the Dungeon.
             The game lasted 00:00:34 (224 turns).

jasper the Grave Robber (Mummy Necromancer)          Turns: 224, Time: 00:00:34

Health: -1/13      AC:  3    Str: 11    XL:     1   Next: 66%
Magic:  0/4        EV: 11    Int: 14    God:
Gold:   19         SH:  0    Dex: 12    Spells: 4/5 levels left

rFire   x . .      SeeInvis .    b - +0 short sword
rCold   + . .      Faith    +    (no shield)
rNeg    + + +      Spirit   .    c - +0 leather armour
rPois   ∞          Reflect  .    (no helmet)
rElec   .          Rampage  .    (no cloak)
rCorr   .                        (no gloves)
Will    .....                    (no boots)
Stlth   +                        (no amulet)
HPRegen 0.22/turn                (no ring)
MPRegen 0.09/turn                (no ring)

@: no status effects
A: cold resistance 1, negative energy resistance 3, torment resistance 2, heat
vulnerability 1, no potions, faith
a: no special abilities


You were on level 1 of the Dungeon.
You visited 1 branch of the dungeon, and saw 1 of its levels.

You collected 19 gold pieces.

Inventory:

Hand Weapons
 b - a +0 short sword (weapon)
Armour
 a - a +0 robe
 c - a +0 leather armour (worn)
Scrolls
 d - a scroll of noise {unknown}


   Skills:
 + Level 0.3 Fighting
 + Level 0.0 Armour
 + Level 1.6 Dodging
 - Level 1.5 Stealth
 + Level 2.8 Spellcasting
 * Level 4.1 Necromancy


You had 4 spell levels left.
You knew the following spells:

 Your Spells              Type           Power      Damage    Failure   Level
a - Necrotise             Necr           52%        1d6       5%          1

Your spell library contained the following spells:

 Spells                   Type           Power      Damage    Failure   Level
 Vampiric Draining        Necr           13%        2d6       16%         3
 Animate Dead             Necr           13%        N/A       47%         4
 Agony                    Necr           13%        N/A       83%         5


Dungeon Overview and Level Annotations

Branches:
Dungeon (1/15)

Altars:


Innate Abilities, Weirdness & Mutations

You are immune to poison.
Your flesh is cold resistant. (rC+)
You are immune to negative energy. (rN+++)
You are immune to unholy pain and torment.
You are vulnerable to heat. (rF-)
You do not drink.
You have a special connection with the divine. (Faith)


Message History

Aiming: Necrotise (safe; 5% risk of failure)
Press: ? - help, Q - select action Shift-Dir - straight line, f - gnoll
Aim: a gnoll, wielding a +0 club (chance to affect: 76%)
The gnoll writhes in agony.
You now have 3/4 mp.
Aiming: Necrotise (safe; 5% risk of failure)
Press: ? - help, Q - select action Shift-Dir - straight line, f/p - gnoll
Aim: a gnoll, wielding a +0 club (moderately wounded, chance to affect: 76%)
You miscast Necrotise.
You are very lightly contaminated with residual magic.
Nothing appears to happen.
You now have 2/4 mp.
Aiming: Necrotise (safe; 5% risk of failure)
Press: ? - help, Q - select action Shift-Dir - straight line, f/p - gnoll
Aim: a gnoll, wielding a +0 club (moderately wounded, chance to affect: 76%)
The gnoll barely resists.
You now have 1/4 mp.
Aiming: Necrotise (safe; 5% risk of failure)
Press: ? - help, Q - select action Shift-Dir - straight line, f/p - gnoll
Aim: a gnoll, wielding a +0 club (moderately wounded, chance to affect: 76%)
The gnoll writhes in agony.
The gnoll barely misses you.
You now have 0/4 mp.
You hit the gnoll.
The gnoll is heavily wounded.
A quokka comes into view.
The gnoll hits you with a +0 club.
You take 6 damage, and have 7/13 hp.
MASSIVE DAMAGE!!
Something bites the plant.
The plant begins to die.
Your magical contamination has completely faded away.
The gnoll attacks as you move away! The gnoll closely misses you.
The gnoll attacks as you move away! The gnoll hits you with a +0 club.
* * * LOW HITPOINT WARNING * * *
You take 6 damage, and have 2/13 hp.
MASSIVE DAMAGE!!
Aiming: Necrotise (safe; 5% risk of failure)
Press: ? - help, Q - select action Shift-Dir - straight line, f/p - gnoll
Aim: a gnoll, wielding a +0 club (heavily wounded, chance to affect: 76%)
The gnoll barely resists.
The gnoll hits you with a +0 club.
You die...

.................#
.................#
.................#
......###........####
#.....# #............
#.....# #........###
#.....# #........#
#.....###......g.#
####............@#
######........#
#........# ##########


You could see a gnoll.

Vanquished Creatures
  A goblin (D:1)
  2 kobolds (D:1)
  2 ball pythons (D:1)
5 creatures vanquished.

Vanquished Creatures (others)
  A plant (D:1)
1 creature vanquished.

Grand Total: 6 creatures vanquished

Notes
Turn   | Place    | Note
-------+----------+-------------------------------------------
     0 | D:1      | jasper the Mummy Necromancer began the quest for the Orb.
     0 | D:1      | Reached XP level 1. HP: 13/13 MP: 4/4
   224 | D:1      | Slain by a gnoll

Illustrated notes

Levels and vault maps discovered:
D:1:      psy_arrival_terrarium, layout_basic, ebering_ecumenical_altar_hall,
          nicolae_grassy_gnolls

Action                     || total
---------------------------++-------
  Melee: Short sword       ||     1
   Cast: Necrotise         ||    10
  Dodge: Dodged            ||     4

Table legend: (Time is in decaauts)
 A = Elapsed time spent in this place.
 B = Non-inter-level travel time spent in this place.
 C = Inter-level travel time spent in this place.
 D = Time resting spent in this place.
 E = Time spent auto-exploring this place.
 F = Levels seen in this place.
 G = Mean time per level.
                   A        B        C        D        E       F      G
               +--------+--------+--------+--------+--------+-----+--------+
         Total |    223 |    223 |      0 |      0 |    158 |   1 |  223.0 |
       Dungeon |    223 |    223 |      0 |      0 |    158 |   1 |  223.0 |
               +--------+--------+--------+--------+--------+-----+--------+

Top non-repeatable levels by time:
     D:1: 223 daAuts
